 Dungeon Sprint DCSS version 0.28-a0-79-g444c7a33f5 (webtiles) character file.

Game seed: 8474972788790281846

485 Zeldest the Covert (level 7, -5/47 HPs)
             Began as a Kobold Brigand on Aug 2, 2021.
             Was a Follower of Dithmenos.
             Slain by an acid dragon (13 damage)
             ... in the Dungeon (Sprint IX: "|||||||||||||||||||||||||||||").
             The game lasted 00:01:53 (281 turns).

Zeldest the Covert (Kobold Brigand)                  Turns: 281, Time: 00:01:54

Health: -5/47      AC:  0    Str: 11    XL:     7   Next: 35%
Magic:  5/11       EV: 18    Int: 15    God:    Dithmenos [*.....]
Gold:   0          SH:  0    Dex: 19    Spells: 6/6 levels left

rFire   . . .      SeeInvis .   a - +2 dagger
rCold   . . .      Faith    .   (shield restricted)
rNeg    . . .      Spirit   .   b - +0 robe
rPois   .          Reflect  .   (no helmet)
rElec   .          Harm     .   q - +0 cloak
rCorr   .          Rampage  .   p - +0 pair of gloves
Will    .....      NoTele   +   (no boots)
Stlth   ++++++++..              (no amulet)
HPRegen 0.15/turn               r - +3 ring of intelligence
MPRegen 0.12/turn               s - +3 ring of strength

@: corroded, slowed, wreathed by umbra, very slow
A: small, no large weapons, nightstalker 3
a: Renounce Religion


You were in the Dungeon.
You worshipped Dithmenos.
Dithmenos was aware of your devotion.
You visited 1 branch

Inventory:

Hand Weapons
 a - a +2 dagger (weapon)
 n - a +2 rapier of draining
 o - a +2 scimitar of flaming
Missiles
 d - 8 poisoned darts (quivered)
 e - 2 curare-tipped darts
Armour
 b - a +0 robe (worn)
 c - a +0 cloak
 p - a +0 pair of gloves (worn)
 q - a +0 cloak (worn)
Jewellery
 r - a +3 ring of intelligence (left hand)
 s - a +3 ring of strength (right hand)
Wands
 m - a wand of acid (4)
Scrolls
 k - 2 scrolls of blinking
 l - 2 scrolls of amnesia
Potions
 f - 5 potions of curing
 g - a potion of invisibility
 h - a potion of haste
 i - 4 potions of magic
 j - a potion of heal wounds


   Skills:
 + Level 6.3 Fighting
 + Level 9.8 Short Blades
 - Level 2.1 Throwing
 + Level 6.5 Dodging
 + Level 13.0 Stealth
 + Level 5.8 Invocations


You had 6 spell levels left.
You didn't know any spells.
Your spell library was empty.

Dungeon Overview and Level Annotations

Branches:
Dungeon (1/1)

Altars:
Cheibriados
Dithmenos
Elyvilon
Fedhas
Gozag
Hepliaklqana
Kikubaaqudgha
Makhleb
Nemelex Xobeh
Okawaru
Qazlal
Ru
Sif Muna
Trog
Uskayaw
Vehumet
Wu Jian
Xom
Yredelemnul
Zin
The Shining One
Beogh
Jiyva
Lugonu


Innate Abilities, Weirdness & Mutations

You are small and have problems with some larger weapons.
You are completely attuned to the shadows.


Message History

You have reached level 7!
You feel much better.
Okay, then.
You hit the acid dragon but do no damage.
The acid dragon is heavily wounded.
The acid dragon closely misses you. The acid dragon completely misses you.
You hit the acid dragon.
The acid dragon is heavily wounded.
You hit the acid dragon.
The acid dragon is severely wounded.
The acid dragon spits acid at you. The splash of acid hits you.
The acid corrodes you!
You are splashed with acid.
You barely miss the acid dragon.
The acid dragon is severely wounded.
The acid dragon completely misses you. The acid dragon barely misses you.
You hit the acid dragon but do no damage.
The acid dragon is severely wounded.
The acid dragon bites you!
* * * LOW HITPOINT WARNING * * *
The acid dragon completely misses you.
Aiming: Corrosive Bolt
Press: ? - help, Shift-Dir - straight line, f - acid dragon
Aim: an acid dragon (severely wounded, catching its breath, umbra, 71% to hit)
The bolt of acid misses the acid dragon.
The bolt of acid hits the centaur!
The centaur is splashed with acid.
The acid corrodes the centaur!
The centaur is almost dead.
The acid dragon closely misses you. The acid dragon claws you.
* * * LOW HITPOINT WARNING * * *
Aiming: Corrosive Bolt
Press: ? - help, Shift-Dir - straight line, f/p - acid dragon
Aim: an acid dragon (severely wounded, catching its breath, umbra, 71% to hit)
The bolt of acid hits the acid dragon.
The acid dragon is severely wounded.
The bolt of acid hits the centaur!
The centaur is splashed with acid!
The centaur seems to be corroded for longer.
You kill the centaur!
Dithmenos accepts your kill. The acid dragon bites you!
You die...

▓)▓
▓.▓
▓)▓
▓D▓
▓@▓
▓.▓
▓.▓
▓[▓
▓.▓
▓.▓
▓.▓
▓)▓
▓.▓


You could see an acid dragon (catching breath).

Vanquished Creatures
  A wyvern (D)
  A wraith (D)
  2 centaurs (D)
  A hound (D)
  An iguana (D)
  An orc wizard (D)
  An adder (D)
  A shadow imp (D)
  2 dart slugs (D)
  A ball python (D)
  A hobgoblin (D)
  A kobold (D)
  A rat (D)
15 creatures vanquished.

Notes
Turn   | Place    | Note
-------+----------+-------------------------------------------
     0 | D        | Zeldest the Kobold Brigand began the quest for the Orb.
     0 | D        | Reached XP level 1. HP: 12/12 MP: 1/1
    13 | D        | Reached skill level 6 in Stealth
    21 | D        | Reached XP level 2. HP: 9/17 MP: 2/2
   177 | D        | Reached skill level 5 in Short Blades
   177 | D        | Reached skill level 9 in Stealth
   177 | D        | Reached XP level 3. HP: 21/21 MP: 3/3
   185 | D        | Reached XP level 4. HP: 26/26 MP: 4/4
   192 | D        | Reached skill level 10 in Stealth
   205 | D        | Found a snail-covered altar of Cheibriados.
   205 | D        | Found a shadowy altar of Dithmenos.
   206 | D        | Found a white marble altar of Elyvilon.
   207 | D        | Found a blossoming altar of Fedhas.
   208 | D        | Found an opulent altar of Gozag.
   209 | D        | Found a hazy altar of Hepliaklqana.
   210 | D        | Became a worshipper of Dithmenos the Shadowed
   211 | D        | Found a viscous altar of Jiyva.
   212 | D        | Found an ancient bone altar of Kikubaaqudgha.
   213 | D        | Found a corrupted altar of Lugonu.
   214 | D        | Found a burning altar of Makhleb.
   215 | D        | Found a sparkling altar of Nemelex Xobeh.
   216 | D        | Found an iron altar of Okawaru.
   217 | D        | Found a stormy altar of Qazlal.
   218 | D        | Found a sacrificial altar of Ru.
   219 | D        | Found a shimmering blue altar of Sif Muna.
   220 | D        | Found a bloodstained altar of Trog.
   221 | D        | Found a hide-covered altar of Uskayaw.
   222 | D        | Found a radiant altar of Vehumet.
   223 | D        | Found an ornate altar of the Wu Jian Council.
   224 | D        | Found a shimmering altar of Xom.
   225 | D        | Found a basalt altar of Yredelemnul.
   226 | D        | Found a glowing silver altar of Zin.
   227 | D        | Found a glowing golden altar of the Shining One.
   268 | D        | Noticed an acid dragon
   268 | D        | Noticed a wyvern
   268 | D        | Noticed a wraith
   269 | D        | Noticed a centaur
   272 | D        | Killed a centaur
   273 | D        | Reached skill level 11 in Stealth
   273 | D        | Reached XP level 5. HP: 25/33 MP: 4/7
   273 | D        | Killed a wraith
   273 | D        | Killed a wyvern
   273 | D        | Reached * piety under Dithmenos
   273 | D        | Noticed a centaur
   274 | D        | Reached skill level 13 in Stealth
   274 | D        | Reached skill level 5 in Invocations
   274 | D        | Reached XP level 6. HP: 14/42 MP: 4/10
   274 | D        | Reached XP level 7. HP: 16/47 MP: 4/11
   281 | D        | Slain by an acid dragon

Illustrated notes

Levels and vault maps discovered:
D:        linesprint [early_d, line_temple, items_1, d_10, items_2, lair_1,
          lair_end, items_3, orc_1, orc_end, items_4, d_15, swamp_1, shoals_1,
          snake_1, spider_1, d_20, vaults_1, items_5, swamp_end, shoals_end,
          snake_end, spider_end, vaults_end, d_27, items_6, zot_1, zot_end,
          crypt_end, forest_end, elf_end, slime_end, tomb_end, abyss_end,
          pan_hell_end]

Skill      XL: |  1  2  3  4  5 |
---------------+----------------+-----
Short Blades   | 3 5 7 9 |  9.8
Stealth        | 6 9 11 13 | 13.0
Fighting       | 3 6 |  6.3
Dodging        | 3 6 |  6.5
Invocations    | 2 5 |  5.8
Throwing       | |  2.1

Action                   |  1- 3 |  4- 6 |  7- 9 || total
-------------------------+-------+-------+-------++-------
Melee: Dagger            |    27 |    14 |     5 ||    46
Evoke: Wand              |       |     4 |     2 ||     6
  Use: Potion            |     1 |     1 |     1 ||     3
Armor: Robe              |     1 |     1 |       ||     2
Dodge: Dodged            |     8 |    11 |     6 ||    25

Table legend: (Time is in decaauts)
 A = Elapsed time spent in this place.
 B = Non-inter-level travel time spent in this place.
 C = Inter-level travel time spent in this place.
 D = Time resting spent in this place.
 E = Time spent auto-exploring this place.
 F = Levels seen in this place.
 G = Mean time per level.
                   A        B        C        D        E       F      G
               +--------+--------+--------+--------+--------+-----+--------+
         Total |    276 |    276 |      0 |    145 |      0 |   1 |  276.0 |
       Dungeon |    276 |    276 |      0 |    145 |      0 |   1 |  276.0 |
               +--------+--------+--------+--------+--------+-----+--------+

Top non-repeatable levels by time:
       D: 276 daAuts
